 Dungeon Crawl Stone Soup version 0.30.1-9-gdf580d7c3d (webtiles) character file.

Game seed: 4916156783314153409

232 lonewolfV2 the Shield-Bearer (level 6, 0/47 (48) HPs)
             Began as a Formicid Fighter on Oct 11, 2023.
             Slain by Crazy Yiuf
             ... wielding a +2 quarterstaff of chaos
              (11 damage)
             ... on level 3 of the Dungeon.
             The game lasted 00:03:38 (2864 turns).

lonewolfV2 the Shield-Bearer (Formicid Fighter)     Turns: 2864, Time: 00:03:39

HP:   0/47 (48)     AC:  7    Str: 20    XL:     6   Next: 25%
MP:   6/6           EV: 10    Int:  8    God:
Gold: 1026          SH:  5    Dex: 15    Spells: 5/5 levels left

rFire   + . .        a - +1 war axe
rCold   + . .        c - +0 buckler
rNeg    . . .        m - +2 ring mail {rC+}
rPois   .            (helmet unavailable)
rElec   .            (no cloak)
rCorr   .            (no gloves)
SInv    +            (no boots)
Will    +....        (no amulet)
Stlth   +            i - ring of protection from fire
HPRegen 0.27/turn    k - ring of willpower
MPRegen 0.10/turn

%: no passive effects
@: lethally poisoned (0 -> -3), lightly drained
A: permanent stasis, dig shafts and tunnels, antennae 3, four strong arms
a: Dig, Shaft Self


You were on level 3 of the Dungeon.
You visited 1 branch of the dungeon, and saw 3 of its levels.
You also visited: Sewer.

You collected 1026 gold pieces.

Inventory:

Hand Weapons
 a - a +1 war axe (weapon)
Armour
 b - a +0 scale mail
 c - a +0 buckler (worn)
 m - a +2 ring mail of cold resistance (worn)
Jewellery
 i - a ring of protection from fire (left hand)
 k - a ring of willpower (right hand)
Scrolls
 f - 2 scrolls of fear
 v - 2 scrolls of fog
Potions
 d - 2 potions of might
 e - a potion of brilliance {unknown}
 h - a potion of attraction
 j - a potion of curing {unknown}
 o - a potion of degeneration {unknown}
 p - 5 potions of heal wounds
 q - 2 potions of flight {unknown}
 r - a potion of magic {unknown}
 s - a potion of cancellation {unknown}
 u - a potion of haste


   Skills:
 + Level 4.1 Fighting
 + Level 4.4 Axes
 + Level 4.1 Armour
 + Level 1.2 Dodging
 + Level 4.6 Shields


You had 5 spell levels left.
You didn't know any spells.
Your spell library contained the following spells:

 Spells                   Type           Power      Damage    Failure   Level
 Portal Projectile        Hex/Tloc       0%         N/A       95%         3
 Tukima's Dance           Hex            0%         N/A       95%         3
 Blade Hands              Tmut           0%         N/A       100%        5


Dungeon Overview and Level Annotations

Branches:
Dungeon (3/15)              Sewer (visited)

Altars:
Okawaru

Annotations:
D:3 Crazy Yiuf


Innate Abilities, Weirdness & Mutations

You cannot be hasted, slowed, berserked, paralysed or teleported.
You can dig through walls and to a lower floor.
You have a pair of large antennae on your head. (SInv)
Your four strong arms can wield two-handed weapons with a shield.


Message History

Could not explore, unopened runed door.
Could not explore, unopened runed door.
Could not explore, unopened runed door.
Could not explore, unopened runed door.
You open the door. You hit Crazy Yiuf.
Crazy Yiuf is moderately wounded.
Crazy Yiuf drinks a potion.
Crazy Yiuf seems to speed up.
You hit Crazy Yiuf.
Crazy Yiuf is heavily wounded.
Crazy Yiuf hits you with a +2 quarterstaff of chaos.
Crazy Yiuf hits you with a +2 quarterstaff of chaos!
Crazy Yiuf freezes you.
You hit Crazy Yiuf but do no damage.
Crazy Yiuf is heavily wounded.
Crazy Yiuf whimpers, "Two!
Goldfish green sing."
You block Crazy Yiuf's attack.
Crazy Yiuf hits you with a +2 quarterstaff of chaos!
You feel drained.
You hit Crazy Yiuf.
Crazy Yiuf is severely wounded.
Crazy Yiuf hits you with a +2 quarterstaff of chaos.
You are poisoned.
Crazy Yiuf screams, "Papa sing arm!"
You block Crazy Yiuf's attack.
You barely miss Crazy Yiuf.
Crazy Yiuf is severely wounded.
You feel very sick. Crazy Yiuf barely misses you.
You block Crazy Yiuf's attack.
You hit Crazy Yiuf but do no damage.
Crazy Yiuf is severely wounded.
You feel very sick.
Crazy Yiuf twirls on the spot.
You block Crazy Yiuf's attack. x2
You completely miss Crazy Yiuf.
Crazy Yiuf is severely wounded.
You feel sick.
Crazy Yiuf says, "Crazy?
Crazy!?
PORCUPINE!"
Crazy Yiuf hits you with a +2 quarterstaff of chaos!
You die...

...#........#
######(..#######.#
.......#....##
###?#.#.......#
##.##...>..[.#
#...#.#.#######
##.##..#(#####
#######.# # ...##(.#.#
#.# # #####..#.#
#######.####### #
#.<#.#
###**###.#..#..#......
# #.##.#
#...##..#.#....#.#####
#.##.#
#...g@####.......#
#.##.# #)..###
##.#..### #....# ###**
###### ## ###### .#
#.# .### #.##### ..<##
#.....# ##..####..####
##.##....#


You could see Crazy Yiuf (fast).

Vanquished Creatures
  A kobold brigand (Sewer)
  A sleepcap (D:3)
  Natasha (D:3)
  3 adders
  5 worms
  A dart slug (D:2)
  7 bats
  6 endoplasms
  5 giant cockroaches
  4 goblins
  5 hobgoblins
  2 quokkas
  4 ball pythons
  4 frilled lizards
  15 kobolds
  7 rats
71 creatures vanquished.

Notes
Turn   | Place    | Note
-------+----------+-------------------------------------------
     0 | D:1      | lonewolfV2 the Formicid Fighter began the quest for the
                  | Orb.
     0 | D:1      | Reached XP level 1. HP: 18/18 MP: 1/1
    95 | D:1      | Reached XP level 2. HP: 16/24 MP: 2/2
   444 | D:1      | Reached XP level 3. HP: 29/29 MP: 3/3
  1060 | D:2      | Reached XP level 4. HP: 33/36 MP: 4/4
  1123 | D:2      | Found a faded altar of an unknown god.
  1600 | D:3      | Found an iron altar of Okawaru.
  1859 | D:3      | Reached XP level 5. HP: 42/42 MP: 5/5
  1861 | D:3      | Noticed Natasha
  1875 | D:3      | Killed Natasha
  1876 | D:3      | Reached skill level 1 in Dodging
  1952 | D:3      | Found a glowing drain.
  2060 | Sewer    | Entered a sewer
  2253 | Sewer    | Noticed a kobold brigand
  2278 | Sewer    | Killed a kobold brigand
  2279 | Sewer    | Reached XP level 6. HP: 5/48 MP: 6/6
  2721 | D:3      | Identified a scroll of acquirement
  2721 | D:3      | Acquired 858 gold pieces
  2779 | D:3      | Found a runed translucent door.
  2780 | D:3      | Noticed Crazy Yiuf
  2864 | D:3      | Slain by Crazy Yiuf

Illustrated notes

Levels and vault maps discovered:
D:1:      co_arrival_two_rings, layout_rooms, serial_forest,
          infiniplex_forest_join, infiniplex_forest_lined_room_,
          infiniplex_forest_clump_double, infiniplex_forest_clump_curved,
          infiniplex_forest_straight_2, infiniplex_forest_lined_room_,
          corexii_hall_statues_i
D:2:      layout_loops_ring, shapermc_ecumenical_altar_petra
D:3:      layout_basic, okawaru_gym_becter, cheibrodos_sewer_entry_bend,
          uniq_crazy_yiuf_cottage, uniq_natasha

Skill      XL: |  1  2  3  4  5 |
---------------+----------------+-----
Axes           | 3 4 |  4.4
Dodging        | 1 |  1.2
Armour         | 4 |  4.1
Fighting       | 4 |  4.1
Shields        | |  4.6

Action                     |  1- 3 |  4- 6 || total
---------------------------+-------+-------++-------
  Melee: War axe           |    82 |   152 ||   234
    Use: Scroll            |       |    11 ||    11
 Armour: Scale mail        |    26 |       ||    26
         Ring mail         |     9 |    76 ||    85
  Dodge: Dodged            |    55 |    76 ||   131
  Block: Buckler           |    28 |    47 ||    75
